 Dungeon Crawl Stone Soup version 0.31-a0-1540-g5a0b83f448 (webtiles) character file.

Game seed: 18113442464369815012

1528 Persephone the Ruffian (level 8, -19/44 HPs)
             Began as a Vine Stalker Fighter on Jan 1, 2024.
             Was a Follower of Okawaru.
             Demolished by a two-headed ogre
             ... wielding a +0 giant club
              (28 damage)
             ... on level 6 of the Dungeon.
             The game lasted 00:09:06 (5285 turns).

Persephone the Ruffian (Vine Stalker Fighter)       Turns: 5285, Time: 00:09:07

Health: -19/44     AC:  8    Str: 25    XL:     8   Next: 85%
Magic:  0/9        EV: 10    Int:  8    God:    Okawaru [*.....]
Gold:   336        SH:  6    Dex: 15    Spells: 7/7 levels left

rFire   . .          .
                       - Unarmed
rCold   . . .        b - +1 buckler
rNeg    . . .        a - +2 ring mail of Zuhobbupi {Str+5}
rPois   +            (no helmet)
rElec   .            (no cloak)
rCorr   .            (no gloves)
SInv    .            e - +0 pair of boots
Will    +....        (no amulet)
Stlth   ++           p - ring of poison resistance
HPRegen 1.07/turn    (no ring)
MPRegen 0.11/turn

%: guardian spirit
@: no status effects
A: fangs 3, regeneration 1, magic shield, antimagic bite, no potion heal 2
a: Renounce Religion, Heroism


You were on level 6 of the Dungeon.
You worshipped Okawaru.
Okawaru was aware of your devotion.
You visited 1 branch of the dungeon, and saw 6 of its levels.

You collected 336 gold pieces.

Inventory:

Armour
 a - the +2 ring mail of Zuhobbupi (worn) {Str+5}
   (You found it on level 5 of the Dungeon)

   Str+5:     It affects your strength (+5).
 b - a +1 buckler (worn)
 e - a +0 pair of boots (worn)
Jewellery
 p - a ring of poison resistance (left hand)
Wands
 j - a wand of acid (9)
Scrolls
 h - 2 scrolls of immolation
 k - 2 scrolls of teleportation
 q - 2 scrolls of brand weapon
Potions
 c - 2 potions of might
 d - 2 potions of mutation
 f - a potion of ambrosia
 g - 2 potions of brilliance {unknown}
 i - 5 potions of heal wounds {unknown}
 m - 3 potions of magic {unknown}
 n - a potion of lignification {unknown}
 o - a potion of invisibility {unknown}
 r - a potion of berserk rage {unknown}
 s - a potion of attraction {unknown}
 u - a potion of resistance {unknown}


   Skills:
 + Level 6.0 Fighting
 + Level 1.6 Throwing
 + Level 3.0 Armour
 - Level 5.0 Stealth
 - Level 5.0 Shields
 + Level 6.1 Unarmed Combat


You had 7 spell levels left.
You didn't know any spells.
Your spell library contained the following spells:

 Spells                   Type           Power      Damage    Failure   Level
 Lesser Beckoning         Tloc           0%         N/A       75%         2
 Gell's Gravitas          Tloc           0%         N/A       93%         3
 Inner Flame              Hex/Fire       0%         N/A       93%         3
 Sigil of Binding         Hex            0%         N/A       93%         3
 Teleport Other           Tloc           0%         N/A       93%         3
 Brom's Barrelling Bould  Conj/Erth      0%         2d3       100%        4
 Dimensional Bullseye     Hex/Tloc       0%         N/A       100%        4
 Flame Wave               Conj/Fire      0%         2d4       100%        4
 Sticky Flame             Fire/Alch      0%         2d4       100%        4
 Fireball                 Conj/Fire      0%         3d3       100%        5
 Iskenderun's Battlesphe  Conj           0%         2d6       100%        5
 Conjure Ball Lightning   Conj/Air       0%         3x3d6     100%        6
 Orb of Destruction       Conj           0%         9d5       100%        7
 Call Canine Familiar     Summ           Unusable   N/A       N/A         3

Dungeon Overview and Level Annotations

Branches:
Dungeon (6/15)             Temple (0/1) D:5

Altars:
Elyvilon
Hepliaklqana
Okawaru
Zin


Innate Abilities, Weirdness & Mutations

You have razor-sharp teeth.
Your natural rate of healing is unusually fast.
When hurt, damage is shared between your health and your magic reserves.
Your bite disrupts and absorbs the magic of your enemies.
Potions cannot restore your health.


Message History

The ice beast is almost dead.
You punch the ice beast!
You kill the ice beast!
Okawaru accepts your kill.
Your base Fighting skill increases to level 6!
Your base Armour skill increases to level 3!
You feel like a meek peon again.
You see here a +0 robe.
Auto kill stopped - Too dangerous: Extremely Dangerous (1) Dangerous (0) Easy (0) Harmless (0)
A two-headed ogre comes into view.
It is wielding a +0 giant club and a +0 giant spiked club.
You see here a +0 robe.
Auto kill stopped - Too dangerous: Extremely Dangerous (1) Dangerous (0) Easy (0) Harmless (0)
You throw a poisoned dart.
The poisoned dart hits the two-headed ogre.
The two-headed ogre is poisoned.
You throw a poisoned dart.
The poisoned dart hits the two-headed ogre.
The two-headed ogre looks even sicker.
You throw a poisoned dart.
The poisoned dart hits the two-headed ogre.
The two-headed ogre looks even sicker.
You throw a poisoned dart.
The poisoned dart hits the two-headed ogre.
The two-headed ogre looks as sick as possible!
You throw a poisoned dart.
The poisoned dart barely misses the two-headed ogre.
You throw a poisoned dart.
The poisoned dart hits the two-headed ogre.
The two-headed ogre looks as sick as possible!
The two-headed ogre is lightly wounded.
You fail to use your ability.
The two-headed ogre hits you with a +0 giant club!
The two-headed ogre hits you with a +0 giant spiked club!
You barely miss the two-headed ogre. Your bite misses the two-headed ogre.
The two-headed ogre is lightly wounded.
The two-headed ogre hits you with a +0 giant club!!
* * * LOW HITPOINT WARNING * * *
The two-headed ogre hits you with a +0 giant spiked club!!
Ouch! That really hurt!
You die...

##.# #.. ###
#..(.......#
#.# ##...
#..(.......#
##.##......
#..(.(.....#
...#.......#
..(.......##
...........#
#.........^#
##.........#
#.$........#
##.........#
#.O.....[.)#
#..........#
#@........#
#..........#
#..[.....#
#........#
##.......#
#.....####
###.....#
#####..#
##....#
##.##
##...## #..#
##...##
##.## #....#
#..# ##...##


You could see a two-headed ogre (extremely poisoned).

Vanquished Creatures
  Grinder (D:3)
  Sigmund (D:2)
  A wyvern (D:5)
  A water moccasin (D:6)
  3 ice beasts
  2 scorpions
  An electric eel (D:6)
  A hound (D:4)
  2 bombardier beetles
  A jelly (D:6)
  2 orc priests
  Jessica (D:2)
  Natasha (twice) (D:2)
  An orc wizard (D:4)
  Robin (D:2)
  4 adders
  A dart slug (D:3)
  6 ribbon worms
  18 orcs
  12 ball pythons
  5 bats
  8 endoplasms
  3 giant cockroaches
  16 goblins
  9 hobgoblins
  6 jackals (D:2)
  2 quokkas
  6 frilled lizards
  6 kobolds
  3 rats
  A butterfly (D:5)
127 creatures vanquished.

Notes
Turn   | Place    | Note
-------+----------+-------------------------------------------
     0 | D:1      | Persephone the Vine Stalker Fighter began the quest for the
                  | Orb.
     0 | D:1      | Reached XP level 1. HP: 11/11 MP: 2/2
   128 | D:1      | Reached XP level 2. HP: 16/16 MP: 3/3
   173 | D:1      | Reached skill level 1 in Stealth
   444 | D:1      | Reached XP level 3. HP: 20/20 MP: 4/4
   949 | D:2      | Noticed Sigmund
   972 | D:2      | Killed Sigmund
   973 | D:2      | Reached XP level 4. HP: 11/25 MP: 2/5
   973 | D:2      | Reached XP level 5. HP: 13/29 MP: 2/6
  1169 | D:2      | Noticed Jessica
  1174 | D:2      | Killed Jessica
  1175 | D:2      | Reached XP level 6. HP: 33/33 MP: 7/7
  1312 | D:2      | Noticed Natasha
  1325 | D:2      | Killed Natasha
  1350 | D:2      | Noticed Robin
  1371 | D:2      | Killed Robin
  1675 | D:2      | Noticed Natasha
  1685 | D:2      | Killed Natasha
  2303 | D:3      | Noticed Grinder
  2311 | D:3      | Paralysed by Grinder for 4 turns
  2340 | D:3      | Killed Grinder
  2341 | D:3      | Reached XP level 7. HP: 11/38 MP: 1/8
  2684 | D:3      | Found a hazy altar of Hepliaklqana.
  2752 | D:4      | Found a glowing silver altar of Zin.
  2912 | D:4      | Reached skill level 5 in Stealth
  3225 | D:4      | Found an iron altar of Okawaru.
  3991 | D:4      | Became a worshipper of Warmaster Okawaru
  4006 | D:5      | Entered Level 5 of the Dungeon
  4037 | D:5      | Identified the +2 ring mail of Zuhobbupi {Str+5}
  4082 | D:5      | Reached skill level 5 in Fighting
  4082 | D:5      | Reached skill level 5 in Shields
  4082 | D:5      | Reached skill level 5 in Unarmed Combat
  4082 | D:5      | Gained mutation: You have razor-sharp teeth. [Vine Stalker
                  | growth]
  4082 | D:5      | Reached XP level 8. HP: 33/43 MP: 6/9
  4347 | D:5      | Noticed a wyvern
  4364 | D:5      | Killed a wyvern
  4634 | D:5      | Found a staircase to the Ecumenical Temple.
  4902 | D:6      | Found a white marble altar of Elyvilon.
  4914 | D:6      | Reached * piety under Okawaru
  4915 | D:6      | Reached skill level 1 in Throwing
  5256 | D:6      | Noticed a two-headed ogre
  5285 | D:6      | Demolished by a two-headed ogre

Illustrated notes

Levels and vault maps discovered:
D:1:      lemuel_arrival_river_ford, layout_loops_ring
D:2:      layout_loops_corners, uniq_natasha, uniq_jessica, uniq_robin,
          uniq_sigmund
D:3:      layout_loops_ring, worldfamousw_hep_ancestral_shrine, minmay_vboxes,
          uniq_grinder
D:4:      layout_layer_cave, okawaru_metal_pillars_1_2, zin_academy
D:5:      layout_loops_cross, minmay_temple_entry_butterflies
D:6:      layout_cave_pods, nicolae_elyvilon_peaceful_grove, serial_bayou_pond_c

Skill      XL: |  1  2  3  4  5  6  7  8 |
---------------+-------------------------+-----
Stealth        | 1 3 4 5 |  5.0
Fighting       | 3 4 5 6 |  6.0
Shields        | 3 4 5 |  5.0
Unarmed Combat | 3 4 5 6 |  6.1
Throwing       | 1 |  1.6
Armour         | 3 |  3.0

Action                     |  1- 3 |  4- 6 |  7- 9 || total
---------------------------+-------+-------+-------++-------
  Melee: Unarmed           |   106 |   194 |   174 ||   474
         Bite              |    25 |    47 |    51 ||   123
  Throw: Dart              |       |       |    10 ||    10
 Invoke: Heroism           |       |       |     1 ||     1
    Use: Scroll            |       |     7 |     7 ||    14
         Potion            |       |       |     1 ||     1
   Stab: Sleeping          |       |       |     7 ||     7
 Armour: Scale mail        |    33 |       |       ||    33
         Plate armour      |    23 |    56 |       ||    79
         Ring mail         |       |    47 |   109 ||   156
         Skin              |       |     3 |       ||     3
  Dodge: Dodged            |    28 |    62 |    86 ||   176
  Block: Buckler           |    27 |    37 |    47 ||   111

Table legend: (Time is in decaauts)
 A = Elapsed time spent in this place.
 B = Non-inter-level travel time spent in this place.
 C = Inter-level travel time spent in this place.
 D = Time resting spent in this place.
 E = Time spent auto-exploring this place.
 F = Levels seen in this place.
 G = Mean time per level.
                   A        B        C        D        E       F      G
               +--------+--------+--------+--------+--------+-----+--------+
         Total |   5268 |   4986 |    282 |      0 |   3979 |   6 |  878.0 |
       Dungeon |   5268 |   4986 |    282 |      0 |   3979 |   6 |  878.0 |
               +--------+--------+--------+--------+--------+-----+--------+

Top non-repeatable levels by time:
     D:4: 1249 daAuts
     D:2: 1055 daAuts
     D:3: 904 daAuts
     D:1: 780 daAuts
     D:5: 723 daAuts
     D:6: 555 daAuts
